TOP OF THE 1ST |
Salem Silver Souls batting - Pitching for Gainesville Guidos : RHP Rodney Hall
|
Pitching: RHP Rodney Hall
|
|
Batting: LHB Joel Nelson
|
0-0: Called Strike 0-1: Ball 1-1: Foul Ball, location: 2F 1-2: Foul Ball, location: 2F 1-2: Foul Ball, location: 2F 1-2: Ball 2-2: Foul Ball, location: 2F 2-2: Ball 3-2: SINGLE (Flyball, 8LS)
|
Batting: RHB Augusto Baiano
|
0-0: Foul Ball, location: 2F 0-1: Called Strike 0-2: Ball 1-2: Foul Ball, location: 2F 1-2: Ball 2-2: Foul Ball, location: 2F 2-2: Strikes out swinging
|
Batting: RHB Tom Hughes
|
0-0: Ball 1-0: Ball 2-0: Called Strike 2-1: Swinging Strike 2-2: Foul Ball, location: 2F 2-2: Ball 3-2: Fly out, F5 (Line Drive, 56)
|
Batting: LHB Hamilton Hughes
|
0-0: Called Strike 0-1: Ground out 4-3 (Groundball, 34)
|
Top of the 1st over - 0 run(s), 1 hit(s), 0 error(s), 1 left on base; Salem 0 - Gainesville 0 |
BOTTOM OF THE 1ST |
Gainesville Guidos batting - Pitching for Salem Silver Souls : RHP Pat Wyatt
|
Pitching: RHP Pat Wyatt
|
|
Batting: LHB Robbie Turner
|
0-0: Foul Ball, location: 2F 0-1: Swinging Strike Error on foul ball, E9 0-2: Ground out 5-3 (Groundball, 56S)
|
Batting: RHB Doug Coleman
|
0-0: Called Strike 0-1: Ball 1-1: Ball 2-1: Called Strike 2-2: Strikes out looking
|
Batting: RHB Kyle O'Day
|
0-0: Called Strike 0-1: Fly out, F4 (Popup, 34D)
|
Bottom of the 1st over - 0 run(s), 0 hit(s), 1 error(s), 0 left on base; Salem 0 - Gainesville 0 |
TOP OF THE 2ND |
Salem Silver Souls batting - Pitching for Gainesville Guidos : RHP Rodney Hall
|
Batting: SHB Tony Yan
|
0-0: Called Strike 0-1: Ball 1-1: Ball 2-1: Foul Ball, location: 2F 2-2: Ball 3-2: Base on Balls
|
Batting: SHB Jesús Sosa
|
0-0: Ball 1-0: Called Strike 1-1: Foul Ball, location: 2F 1-2: Foul Ball, location: 2F 1-2: Ball 2-2: Foul Ball, location: 2F 2-2: Strikes out swinging
|
Batting: SHB Dawson Fowler
|
0-0: Called Strike 0-1: Ball 1-1: Ground out U3 (Groundball, 34S) Tony Yan to second
|
Batting: SHB Francis Shaffer
|
0-0: Called Strike 0-1: Ball 1-1: Ball 2-1: Swinging Strike 2-2: Fly out, F9 (Flyball, 9S)
|
Top of the 2nd over - 0 run(s), 0 hit(s), 0 error(s), 1 left on base; Salem 0 - Gainesville 0 |
BOTTOM OF THE 2ND |
Gainesville Guidos batting - Pitching for Salem Silver Souls : RHP Pat Wyatt
|
Batting: RHB Augusto Baca
|
0-0: Called Strike 0-1: Ball 1-1: Ball 2-1: Ball 3-1: Called Strike 3-2: Base on Balls
|
Batting: RHB Denver Baker
|
0-0: Ball 1-0: 2-RUN HOME RUN (Line Drive, 78XD), Distance : 395 ft
|
Batting: LHB Pedro Juárez
|
0-0: Called Strike 0-1: Called Strike 0-2: Foul Ball, location: 2F 0-2: Reached on error, E4 (Groundball, 4)
|
Batting: RHB Juan Reyes
|
0-0: DOUBLE (Line Drive, 78D) Pedro Juárez scores
|
Batting: LHB Eddy Jefferson
|
0-0: Swinging Strike 0-1: Ball 1-1: Foul Ball, location: 2F 1-2: Foul Ball, location: 2F 1-2: Foul Ball, location: 2F 1-2: Foul Ball, location: 2F 1-2: DOUBLE (Line Drive, 89M) Juan Reyes scores
|
Batting: RHB Adrián López
|
0-0: Fly out, F8 (Flyball, 8LM) Runner from 2nd tags up, OUT at 3rd
|
Batting: LHB Robbie Turner
|
0-0: Ball 1-0: Ball 2-0: Foul Ball, location: 2F 2-1: Ball 3-1: Foul Ball, location: 2F 3-2: Foul Ball, location: 2F 3-2: Strikes out looking
|
Bottom of the 2nd over - 4 run(s), 3 hit(s), 1 error(s), 0 left on base; Salem 0 - Gainesville 4 |
TOP OF THE 3RD |
Salem Silver Souls batting - Pitching for Gainesville Guidos : RHP Rodney Hall
|
Batting: RHB Jaime Rodríguez
|
0-0: Ball 1-0: Ball 2-0: Ball 3-0: Base on Balls
|
Batting: LHB Joel Nelson
|
0-0: Fly out, F7 (Line Drive, 7LS)
|
Batting: RHB Augusto Baiano
|
0-0: SINGLE (Groundball, 6MD) Jaime Rodríguez to second
|
Batting: RHB Tom Hughes
|
0-0: Called Strike 0-1: Called Strike 0-2: Ball 1-2: SINGLE (Line Drive, 8LS) Jaime Rodríguez to third Augusto Baiano to second Runner from 3rd tries for Home, SAFE, no throw
|
Batting: LHB Hamilton Hughes
|
0-0: Swinging Strike 0-1: Fly out, F4 (Line Drive, 4)
|
Batting: SHB Tony Yan
|
0-0: Ball 1-0: Called Strike 1-1: Ball 2-1: Ball 3-1: Called Strike 3-2: Base on Balls Augusto Baiano to third Tom Hughes to second
|
Batting: SHB Jesús Sosa
|
0-0: Fly out, F7 (Flyball, 7D)
|
Top of the 3rd over - 1 run(s), 2 hit(s), 0 error(s), 3 left on base; Salem 1 - Gainesville 4 |
BOTTOM OF THE 3RD |
Gainesville Guidos batting - Pitching for Salem Silver Souls : RHP Pat Wyatt
|
Batting: RHB Doug Coleman
|
0-0: Called Strike 0-1: Ball 1-1: SINGLE (Line Drive, 78M)
|
Batting: RHB Kyle O'Day
|
0-0: Ball 1-0: Called Strike 1-1: Ball 2-1: Foul Ball, location: 2F 2-2: Strikes out swinging
|
Batting: RHB Augusto Baca
|
0-0: Called Strike 0-1: Foul Ball, location: 2F 0-2: Foul Ball, location: 2F 0-2: Ball 1-2: Foul Ball, location: 2F 1-2: Ball 2-2: Grounds into double play, 6-4-3 (Groundball, 6)
|
Bottom of the 3rd over - 0 run(s), 1 hit(s), 0 error(s), 0 left on base; Salem 1 - Gainesville 4 |
TOP OF THE 4TH |
Salem Silver Souls batting - Pitching for Gainesville Guidos : RHP Rodney Hall
|
Batting: SHB Dawson Fowler
|
0-0: Called Strike 0-1: Ball 1-1: Foul Ball, location: 2F 1-2: Ball 2-2: Ball 3-2: Fly out, F7 (Flyball, 7D)
|
Batting: SHB Francis Shaffer
|
0-0: Ball 1-0: Fly out, F4 (Popup, 3D)
|
Batting: RHB Jaime Rodríguez
|
0-0: Ball 1-0: Ground out 5-3 (Groundball, 56)
|
Top of the 4th over - 0 run(s), 0 hit(s), 0 error(s), 0 left on base; Salem 1 - Gainesville 4 |
BOTTOM OF THE 4TH |
Gainesville Guidos batting - Pitching for Salem Silver Souls : RHP Pat Wyatt
|
Batting: RHB Denver Baker
|
0-0: Called Strike 0-1: Ball 1-1: Ball 2-1: Foul Ball, location: 2F 2-2: Strikes out swinging
|
Batting: LHB Pedro Juárez
|
0-0: Foul Ball, location: 2F 0-1: Ball 1-1: Ball 2-1: Foul Ball, location: 2F 2-2: Foul Ball, location: 2F 2-2: Ball 3-2: Foul Ball, location: 2F 3-2: Base on Balls
|
Pitching: RHP Bob Bartell
|
|
Batting: RHB Juan Reyes
|
0-0: Ball 1-0: Ball 2-0: SINGLE (Groundball, 56D) Pedro Juárez to second
|
Batting: LHB Eddy Jefferson
|
0-0: Ball 1-0: Ball 2-0: Swinging Strike 2-1: Ball 3-1: Called Strike 3-2: Fly out, F7 (Flyball, 7)
|
Batting: RHB Adrián López
|
0-0: Called Strike 0-1: Swinging Strike 0-2: Strikes out swinging
|
Bottom of the 4th over - 0 run(s), 1 hit(s), 0 error(s), 2 left on base; Salem 1 - Gainesville 4 |
TOP OF THE 5TH |
Salem Silver Souls batting - Pitching for Gainesville Guidos : RHP Rodney Hall
|
Batting: LHB Joel Nelson
|
0-0: Ball 1-0: Swinging Strike 1-1: Foul Ball, location: 2F 1-2: Strikes out looking
|
Batting: RHB Augusto Baiano
|
0-0: Ball 1-0: Called Strike 1-1: Ball 2-1: Foul Ball, location: 2F 2-2: Fly out, F9 (Flyball, 9S)
|
Batting: RHB Tom Hughes
|
0-0: Foul Ball, location: 2F 0-1: Ground out 6-3 (Groundball, 56)
|
Top of the 5th over - 0 run(s), 0 hit(s), 0 error(s), 0 left on base; Salem 1 - Gainesville 4 |
BOTTOM OF THE 5TH |
Gainesville Guidos batting - Pitching for Salem Silver Souls : RHP Bob Bartell
|
Batting: LHB Robbie Turner
|
0-0: Foul Ball, location: 2F 0-1: Foul Ball, location: 2F 0-2: SINGLE (Flyball, 8RS)
|
Batting: RHB Doug Coleman
|
0-0: Called Strike 0-1: Ball 1-1: Swinging Strike 1-2: Fly out, F8 (Flyball, 8RD)
|
Batting: RHB Kyle O'Day
|
0-0: Fly out, F9 (Line Drive, 89XD)
|
Batting: RHB Augusto Baca
|
0-0: Ball 1-0: Ball 2-0: Hit by Pitch Robbie Turner to second
|
Batting: RHB Denver Baker
|
0-0: Fly out, F7 (Flyball, 78D)
|
Bottom of the 5th over - 0 run(s), 1 hit(s), 0 error(s), 2 left on base; Salem 1 - Gainesville 4 |
TOP OF THE 6TH |
Salem Silver Souls batting - Pitching for Gainesville Guidos : RHP Rodney Hall
|
Batting: LHB Hamilton Hughes
|
0-0: Foul Ball, location: 2F 0-1: Called Strike 0-2: Ball 1-2: SINGLE (Flyball, 89S)
|
Batting: SHB Tony Yan
|
0-0: Ball 1-0: Fielders Choice at 2nd, 3-6 (Groundball, 34)
|
Batting: SHB Jesús Sosa
|
0-0: Ball 1-0: Swinging Strike 1-1: Ball 2-1: Ball 3-1: SINGLE (Groundball, 34D) Tony Yan to second Runner from 2nd tries for 3rd, SAFE, no throw
|
Pitching: RHP Josh Higgins
|
|
Batting: SHB Dawson Fowler
|
0-0: Swinging Strike 0-1: Ball 1-1: Ball 2-1: Ball 3-1: Base on Balls Jesús Sosa to second
|
Batting: SHB Francis Shaffer
|
0-0: Called Strike 0-1: Hit by Pitch Tony Yan scores Jesús Sosa to third Dawson Fowler to second
|
Batting: RHB Jaime Rodríguez
|
0-0: Called Strike 0-1: Ball 1-1: Fielders Choice at 2nd, 6-4 (Groundball, 56) Jesús Sosa scores Dawson Fowler to third
|
Batting: LHB Joel Nelson
|
0-0: Ball 1-0: Fly out, F7 (Flyball, 7S)
|
Top of the 6th over - 2 run(s), 2 hit(s), 0 error(s), 2 left on base; Salem 3 - Gainesville 4 |
BOTTOM OF THE 6TH |
Gainesville Guidos batting - Pitching for Salem Silver Souls : RHP Bob Bartell
|
Batting: LHB Pedro Juárez
|
0-0: Called Strike 0-1: Fly out, F8 (Flyball, 8LM)
|
Batting: RHB Juan Reyes
|
0-0: Ball 1-0: Ball 2-0: Ball 3-0: Called Strike 3-1: Called Strike 3-2: Foul Ball, location: 2F 3-2: Fly out, F4 (Line Drive, 4M)
|
Batting: LHB Eddy Jefferson
|
0-0: Ball 1-0: Ball 2-0: Ball 3-0: Base on Balls
|
Batting: RHB Adrián López
|
0-0: Ball 1-0: Ball 2-0: Fielders Choice at 2nd, 5-4 (Groundball, 5)
|
Bottom of the 6th over - 0 run(s), 0 hit(s), 0 error(s), 0 left on base; Salem 3 - Gainesville 4 |
TOP OF THE 7TH |
Salem Silver Souls batting - Pitching for Gainesville Guidos : RHP Josh Higgins
|
Batting: RHB Augusto Baiano
|
0-0: Ball 1-0: Ball 2-0: Foul Ball, location: 2F 2-1: Fly out, F4 (Popup, 34D)
|
Batting: RHB Tom Hughes
|
0-0: Called Strike 0-1: Foul Ball, location: 2F 0-2: SINGLE (Line Drive, 78M)
|
Batting: LHB Hamilton Hughes
|
0-0: Ball 1-0: Called Strike 1-1: Grounds into double play, 4-6-3 (Groundball, 4)
|
Top of the 7th over - 0 run(s), 1 hit(s), 0 error(s), 0 left on base; Salem 3 - Gainesville 4 |
BOTTOM OF THE 7TH |
Gainesville Guidos batting - Pitching for Salem Silver Souls : RHP Bob Bartell
|
Batting: LHB Robbie Turner
|
0-0: Ball 1-0: Ball 2-0: Called Strike 2-1: Ground out U3 (Groundball, 3)
|
Pitching: RHP Mario Navarro
|
|
Batting: RHB Doug Coleman
|
0-0: Called Strike 0-1: Foul Ball, location: 2F 0-2: Fly out, F3 (Popup, 3S)
|
Batting: RHB Kyle O'Day
|
0-0: Foul Ball, location: 2F 0-1: Called Strike 0-2: Strikes out swinging
|
Bottom of the 7th over - 0 run(s), 0 hit(s), 0 error(s), 0 left on base; Salem 3 - Gainesville 4 |
TOP OF THE 8TH |
Salem Silver Souls batting - Pitching for Gainesville Guidos : RHP Josh Higgins
|
Pitching: RHP Tim Lyons
|
|
Now at C: Scott Young
|
|
Batting: SHB Tony Yan
|
0-0: Ball 1-0: Ball 2-0: Ball 3-0: Called Strike 3-1: Ground out 3-1 (Groundball, 34)
|
Batting: SHB Jesús Sosa
|
0-0: Ball 1-0: Ball 2-0: Ball 3-0: Called Strike 3-1: Foul Ball, location: 2F 3-2: Strikes out swinging
|
Batting: SHB Dawson Fowler
|
0-0: Ball 1-0: SINGLE (Groundball, 6D)
|
Pitching: RHP Mario Tovar
|
|
Pinch Hitting: RHB Jim Villiers
|
0-0: Ball 1-0: Ball 2-0: Ball 3-0: Base on Balls Dawson Fowler to second
|
Batting: RHB Jaime Rodríguez
|
0-0: Ball 1-0: Foul Ball, location: 2F 1-1: Ball 2-1: Foul Ball, location: 2F 2-2: Foul Ball, location: 2F 2-2: SINGLE (Line Drive, 56D) Dawson Fowler to third Jim Villiers to second Runner from 3rd tries for Home, SAFE, no throw
|
Batting: LHB Joel Nelson
|
0-0: Foul Ball, location: 2F 0-1: Ball 1-1: Foul Ball, location: 2F 1-2: Ball 2-2: Foul Ball, location: 2F 2-2: Ball 3-2: Base on Balls Jim Villiers to third Jaime Rodríguez to second
|
Pinch Hitting: LHB Lyle Wilson
|
0-0: Ball 1-0: Foul Ball, location: 2F 1-1: Ground out U3 (Groundball, 34)
|
Top of the 8th over - 1 run(s), 2 hit(s), 0 error(s), 3 left on base; Salem 4 - Gainesville 4 |
BOTTOM OF THE 8TH |
Gainesville Guidos batting - Pitching for Salem Silver Souls : RHP Mario Navarro
|
Now at 2B: Adam Thomas
|
|
Now at 3B: Jim Villiers
|
|
Batting: RHB Augusto Baca
|
0-0: Foul Ball, location: 2F 0-1: Ball 1-1: Ball 2-1: Foul Ball, location: 2F 2-2: Hit by Pitch
|
Pinch Runner at 1st Mark McDonald:
|
|
Batting: RHB Denver Baker
|
0-0: Ball 1-0: Called Strike 1-1: Ball 2-1: Fly out, F8 (Flyball, 8RM)
|
Batting: LHB Pedro Juárez
|
0-0: Ball 1-0: Swinging Strike 1-1: Ball 2-1: Ball 3-1: Foul Ball, location: 2F 3-2: SINGLE (Line Drive, 8LS) Mark McDonald to second Mark McDonald to third
|
Batting: RHB Juan Reyes
|
0-0: Called Strike Pickoff Throw to First - Out! 0-1: Ball 1-1: Called Strike 1-2: Strikes out swinging
|
Bottom of the 8th over - 0 run(s), 1 hit(s), 0 error(s), 1 left on base; Salem 4 - Gainesville 4 |
TOP OF THE 9TH |
Salem Silver Souls batting - Pitching for Gainesville Guidos : RHP Mario Tovar
|
Pitching: RHP Will Tyler
|
|
Now at 1B: Mark McDonald
|
|
Batting: RHB Tom Hughes
|
0-0: Called Strike 0-1: Swinging Strike 0-2: Strikes out swinging
|
Batting: LHB Hamilton Hughes
|
0-0: Ball 1-0: Swinging Strike 1-1: Called Strike 1-2: Strikes out looking
|
Batting: SHB Tony Yan
|
0-0: Ball 1-0: Ball 2-0: Foul Ball, location: 2F 2-1: Foul Ball, location: 2F 2-2: SINGLE (Groundball, 56D)
|
Batting: SHB Jesús Sosa
|
0-0: Ball 1-0: Fielders Choice at 2nd, 4-6 (Groundball, 34D)
|
Top of the 9th over - 0 run(s), 1 hit(s), 0 error(s), 0 left on base; Salem 4 - Gainesville 4 |
BOTTOM OF THE 9TH |
Gainesville Guidos batting - Pitching for Salem Silver Souls : RHP Mario Navarro
|
Batting: LHB Eddy Jefferson
|
0-0: Fly out, F3 (Popup, 3)
|
Batting: LHB Scott Young
|
0-0: Called Strike 0-1: Ball 1-1: Ground out 5-3 (Groundball, 5D)
|
Batting: LHB Robbie Turner
|
0-0: Swinging Strike 0-1: Ground out 4-3 (Groundball, 34)
|
Bottom of the 9th over - 0 run(s), 0 hit(s), 0 error(s), 0 left on base; Salem 4 - Gainesville 4 |
TOP OF THE 10TH |
Salem Silver Souls batting - Pitching for Gainesville Guidos : RHP Will Tyler
|
Batting: SHB Dawson Fowler
|
0-0: Called Strike 0-1: Ball 1-1: Called Strike 1-2: Strikes out swinging
|
Batting: RHB Jim Villiers
|
0-0: Called Strike 0-1: Called Strike 0-2: Foul Ball, location: 2F 0-2: Strikes out swinging
|
Pinch Hitting: RHB Jack Snyder
|
0-0: Ball 1-0: Called Strike 1-1: Foul Ball, location: 2F 1-2: Foul Ball, location: 2F 1-2: Strikes out looking
|
Top of the 10th over - 0 run(s), 0 hit(s), 0 error(s), 0 left on base; Salem 4 - Gainesville 4 |
BOTTOM OF THE 10TH |
Gainesville Guidos batting - Pitching for Salem Silver Souls : RHP Mario Navarro
|
Now at C: Jack Snyder
|
|
Batting: RHB Doug Coleman
|
0-0: SINGLE (Groundball, 6MD)
|
Pinch Runner at 1st Iván Moreno:
|
|
Batting: RHB Kyle O'Day
|
0-0: Fielders Choice at 2nd, 6-4 (Groundball, 6)
|
Pinch Hitting: SHB Kent Phillips
|
0-0: Called Strike 0-1: Foul Ball, location: 2F 0-2: Ball 1-2: Strikes out swinging
|
Batting: RHB Denver Baker
|
0-0: Ball Kyle O'Day is caught stealing 2nd base
|
Bottom of the 10th over - 0 run(s), 1 hit(s), 0 error(s), 0 left on base; Salem 4 - Gainesville 4 |
TOP OF THE 11TH |
Salem Silver Souls batting - Pitching for Gainesville Guidos : RHP Will Tyler
|
Pitching: RHP Marlon Ryan
|
|
Now at 1B: Kent Phillips
|
|
Batting: LHB Joel Nelson
|
0-0: Ball 1-0: Foul Ball, location: 2F 1-1: Ball 2-1: SINGLE (Groundball, 6MD)
|
Batting: RHB Adam Thomas
|
0-0: Called Strike 0-1: Ball 1-1: Bunted foul 1-2: Fly out, F4 (Line Drive, 4)
|
Batting: RHB Tom Hughes
|
0-0: Fielders Choice at 2nd, 6-4 (Groundball, 6)
|
Batting: LHB Hamilton Hughes
|
0-0: SINGLE (Line Drive, 9S) Tom Hughes to second Runner from 2nd tries for 3rd, SAFE, throw made to third
|
Batting: SHB Tony Yan
|
0-0: Ball 1-0: Ball 2-0: Ball 3-0: Base on Balls Hamilton Hughes to second
|
Batting: SHB Jesús Sosa
|
0-0: Ball 1-0: Ball 2-0: Called Strike 2-1: Ball 3-1: Foul Ball, location: 2F 3-2: Base on Balls Tom Hughes scores Hamilton Hughes to third Tony Yan to second
|
Batting: SHB Dawson Fowler
|
0-0: Called Strike 0-1: Ball 1-1: SINGLE (Groundball, 34) (infield hit) Hamilton Hughes scores Tony Yan to third Jesús Sosa to second
|
Batting: RHB Jim Villiers
|
0-0: Ball 1-0: Ball 2-0: Called Strike 2-1: Foul Ball, location: 2F 2-2: Fly out, F7 (Flyball, 7)
|
Top of the 11th over - 2 run(s), 3 hit(s), 0 error(s), 3 left on base; Salem 6 - Gainesville 4 |
BOTTOM OF THE 11TH |
Gainesville Guidos batting - Pitching for Salem Silver Souls : RHP Mario Navarro
|
Pitching: RHP Ramón Marerro
|
|
Batting: RHB Denver Baker
|
0-0: Ball 1-0: Ball 2-0: Ball 3-0: Called Strike 3-1: Fly out, F9 (Line Drive, 9)
|
Batting: LHB Pedro Juárez
|
0-0: Ball 1-0: Ball 2-0: Swinging Strike 2-1: Foul Ball, location: 2F 2-2: Foul Ball, location: 2F 2-2: Strikes out swinging, 2-3 out at first.
|
Batting: RHB Juan Reyes
|
0-0: Foul Ball, location: 2F 0-1: Ball 1-1: Swinging Strike 1-2: Fly out, F4 (Line Drive, 4)
|
Bottom of the 11th over - 0 run(s), 0 hit(s), 0 error(s), 0 left on base; Salem 6 - Gainesville 4 |
|